 Dungeon Crawl Stone Soup version 0.30-b1-2-g02819fbbbe (webtiles) character file.

Game seed: 15885468092623536057

113 Alarkh the Sneak (level 4, -1/35 HPs)
             Began as a Demonspawn Delver on May 22, 2023.
             Succumbed to a scorpion's poison
             ... in an ossuary.
             The game lasted 00:01:08 (236 turns).

Alarkh the Sneak (Demonspawn Delver)                 Turns: 236, Time: 00:01:08

Health: -1/35      AC:  3    Str: 13    XL:     4   Next: 65%
Magic:  4/4        EV: 11    Int: 13    God:
Gold:   0          SH:  0    Dex: 14    Spells: 3/3 levels left

rFire   . .          .
                       - Unarmed
rCold   . . .        (no shield)
rNeg    . . .        a - +0 leather armour
rPois   .            (no helmet)
rElec   .            (no cloak)
rCorr   .            (no gloves)
SInv    .            (no boots)
Will    .....        (no amulet)
Stlth   ++           (no ring)
HPRegen 0.25/turn    (no ring)
MPRegen 0.09/turn

%: no passive effects
@: lethally poisoned (-1 -> -7)
A: hooves 1, spiny 1, demonic touch 1
a: no special abilities


You were in an ossuary.
You visited 1 branch of the dungeon, and saw 1 of its levels.
You also visited: Ossuary.

Inventory:

Missiles
 g - 4 javelins (quivered)
Armour
 a - a +0 leather armour (worn)
Wands
 f - a wand of digging (3)
Scrolls
 b - a scroll of fog
 c - a scroll of magic mapping
 d - a scroll of fear
Potions
 e - a potion of haste


   Skills:
 - Level 3.0 Fighting
 - Level 1.7 Dodging
 - Level 4.5 Stealth
 + Level 4.5 Unarmed Combat


You had 3 spell levels left.
You didn't know any spells.
Your spell library was empty.

Dungeon Overview and Level Annotations

Branches:
Dungeon (5/15)            Ossuary (1/1)
 Temple: D:4-7

Altars:
Okawaru


Innate Abilities, Weirdness & Mutations

You have large cloven feet.
You are partially covered in sharp spines.
Your touch may inflict minor irresistible damage on your foes.


Message History

The human zombie is heavily damaged.
You hit the human zombie but do no damage.
The human zombie is heavily damaged.
The human zombie is struck by your spines.
The human zombie hits you.
You hit the human zombie but do no damage.
The human zombie is heavily damaged.
The human zombie is struck by your spines.
The human zombie hits you.
You hit the human zombie. Your touch misses the human zombie.
The human zombie is heavily damaged.
The human zombie is struck by your spines.
The human zombie hits you.
You hit the human zombie.
You touch the human zombie!
The human zombie is almost destroyed.
You hit the human zombie but do no damage.
You touch the human zombie.
You destroy the human zombie!
There is an open door here.
A gnoll zombie and a scorpion come into view.
The scorpion is struck by your spines. The scorpion stings you.
* * * LOW HITPOINT WARNING * * *
You hit the scorpion.
You kick the scorpion, but do no damage.
The scorpion is moderately wounded.
The scorpion stings you.
* * * LOW HITPOINT WARNING * * *
The gnoll zombie is struck by your spines.
The gnoll zombie barely misses you. The scorpion attacks as you move away!
The scorpion stings you.
* * * LOW HITPOINT WARNING * * *
You are lethally poisoned!
The scorpion poisons you!
* * * LOW HITPOINT WARNING * * *
You feel sick. The scorpion stings you.
* * * LOW HITPOINT WARNING * * *
Okay, then.
You hit the scorpion but do no damage.
The scorpion is moderately wounded.
You die...

.#...8...'...#!.?+
.#.......#...#M.!#
###8...8###'######
.#.......#...#...#
.'...8...#...8...#
.#...#...#.......#
###########8..Z8##
#.....s.#
+...8.(@#
#...#...#
#########


You could see a scorpion and a gnoll zombie.

Vanquished Creatures
  A scorpion (Ossuary)
  A human zombie (Ossuary)
  A scorpion zombie (Ossuary)
3 creatures vanquished.

Notes
Turn   | Place    | Note
-------+----------+-------------------------------------------
     0 | D:5      | Alarkh the Demonspawn Delver began the quest for the Orb.
     0 | D:5      | Reached XP level 1. HP: 18/18 MP: 1/1
    18 | D:5      | Found an iron altar of Okawaru.
    34 | D:5      | Noticed an ice beast
    42 | D:5      | Found a sand-covered staircase.
    78 | Ossuary  | Entered an ossuary
   127 | Ossuary  | Discovered your monstrous ancestry.
   127 | Ossuary  | Gained mutation: Your touch may inflict minor irresistible
                  | damage on your foes. [demonic ancestry]
   127 | Ossuary  | Reached XP level 2. HP: 7/24 MP: 2/2
   208 | Ossuary  | Noticed a scorpion
   220 | Ossuary  | Killed a scorpion
   221 | Ossuary  | Gained mutation: You have large cloven feet. [demonic
                  | ancestry]
   221 | Ossuary  | Reached XP level 3. HP: 20/29 MP: 3/3
   221 | Ossuary  | Gained mutation: You are partially covered in sharp spines.
                  | [demonic ancestry]
   221 | Ossuary  | Reached XP level 4. HP: 24/35 MP: 4/4
   230 | Ossuary  | Noticed a scorpion
   235 | Ossuary  | HP: 1/35 [scorpion (2)]
   236 | Ossuary  | Succumbed to a scorpion's poison

Illustrated notes

Levels and vault maps discovered:
D:5:      layout_cave_pods, amcnicky_altar_gilded, kennysheep_mini,
          mainiacjoe_overflow_cross_hatched, serial_shops,
          nicolae_shop_gaudy_bauble, gup_ossuary_entry_pyramid,
          minmay_misc_feat_more_columns, hangedman_feature_mirror,
          kennysheep_generic_room_5, uniq_crazy_yiuf_cottage
Ossuary:  ossuary_minmay_scorpions

Skill      XL: |  1  2 |
---------------+-------+-----
Unarmed Combat | 3 4 |  4.5
Fighting       | |  3.0
Dodging        | |  1.7
Stealth        | |  4.5

Action                     |  1- 3 |  4- 6 || total
---------------------------+-------+-------++-------
  Melee: Unarmed           |    43 |     9 ||    52
         Touch             |     3 |     2 ||     5
         Punch             |     1 |       ||     1
         Kick              |       |     3 ||     3
  Throw: Javelin           |     7 |       ||     7
 Armour: Leather armour    |     9 |       ||     9
  Dodge: Dodged            |    16 |     1 ||    17
